BR
ONTARIO EMUS @ GILBERT FIRE FIGHTERS
07/15/2027
 
TOP OF THE 1ST
Ontario Emus batting - Pitching for Gilbert Fire Fighters : RHP Carl Curry
Pitching: RHP Carl Curry
Batting: RHB Álex Martínez 0-0: Called Strike
0-1: Swinging Strike
0-2: Foul Ball, location: 2F
0-2: Ball
1-2: Foul Ball, location: 2F
1-2: Ball
2-2: Strikes out looking
Batting: RHB Gustavo Medine 0-0: DOUBLE (Flyball, 9D)
Batting: LHB Pablo Alvarado 0-0: Foul Ball, location: 2F
0-1: Ground out U3 (Groundball, 3L)
Gustavo Medine to third
Batting: LHB Elvin Summers 0-0: Called Strike
0-1: Foul Ball, location: 2F
0-2: Ball
Wild Pitch!
Gustavo Medine scores
1-2: Foul Ball, location: 2F
1-2: Ground out 6-3 (Groundball, 6MS)
Top of the 1st over - 1 run(s), 1 hit(s), 0 error(s), 0 left on base; Ontario 1 - Gilbert 0
BOTTOM OF THE 1ST
Gilbert Fire Fighters batting - Pitching for Ontario Emus : LHP José Aragón
Pitching: LHP José Aragón
Batting: RHB Cristián Cauozos 0-0: Called Strike
0-1: Ball
1-1: Swinging Strike
1-2: Strikes out swinging
Batting: RHB James Richardson 0-0: Ball
1-0: Ball
2-0: Ball
3-0: Called Strike
3-1: Foul Ball, location: 2F
3-2: SINGLE (Groundball, 4D)
Batting: SHB George Wells 0-0: SINGLE (Line Drive, 78S)
James Richardson to second
Pitching: LHP Tom Martin
Batting: RHB George Medine 0-0: Ball
1-0: Reached on error, E5 (Groundball, 56)
James Richardson to third
George Wells to second
Batting: LHB Bill Handy 0-0: Ball
Wild Pitch!
James Richardson scores
George Wells to third
George Medine to second
1-0: Fly out, F3 (Popup, 3D)
Batting: SHB Javier Bustamante 0-0: Ball
1-0: Ball
2-0: Ball
3-0: Called Strike
3-1: Foul Ball, location: 2F
3-2: SINGLE (Line Drive, 7S)
George Wells scores
George Medine to third
George Medine scores
Batting: RHB Jorge Álvarez 0-0: Ball
1-0: Ball
2-0: Ball
3-0: Base on Balls
Javier Bustamante to second
Batting: RHB James Jones 0-0: Fly out, F5 (Popup, 56)
Bottom of the 1st over - 3 run(s), 3 hit(s), 1 error(s), 2 left on base; Ontario 1 - Gilbert 3
TOP OF THE 2ND
Ontario Emus batting - Pitching for Gilbert Fire Fighters : RHP Carl Curry
Batting: RHB Ánibal Soto 0-0: Ball
1-0: Ground out 6-3 (Groundball, 6)
Batting: RHB Jack Crossey 0-0: Foul Ball, location: 2F
0-1: Fly out, F6 (Popup, 6)
Batting: LHB Ryan Martin 0-0: Called Strike
0-1: Foul Ball, location: 2F
0-2: Strikes out swinging
Top of the 2nd over - 0 run(s), 0 hit(s), 0 error(s), 0 left on base; Ontario 1 - Gilbert 3
BOTTOM OF THE 2ND
Gilbert Fire Fighters batting - Pitching for Ontario Emus : LHP Tom Martin
Batting: RHB Carl Curry 0-0: Swinging Strike
0-1: Swinging Strike
0-2: Ball
1-2: Strikes out swinging
Batting: RHB Cristián Cauozos 0-0: Ball
1-0: TRIPLE (Flyball, 8LD)
Batting: RHB James Richardson 0-0: Called Strike
0-1: Ball
1-1: Foul Ball, location: 2F
1-2: SINGLE (Groundball, 6) (infield hit)
Cristián Cauozos scores
Batting: SHB George Wells 0-0: Ball
1-0: SINGLE (Flyball, 7LM)
James Richardson to second
Batting: RHB George Medine 0-0: Ball
1-0: Ball
2-0: Called Strike
2-1: Ball
3-1: Base on Balls
James Richardson to third
George Wells to second
Batting: LHB Bill Handy 0-0: Called Strike
0-1: Grounds into double play, 1-2-3 (Groundball, P)
Bottom of the 2nd over - 1 run(s), 3 hit(s), 0 error(s), 2 left on base; Ontario 1 - Gilbert 4
TOP OF THE 3RD
Ontario Emus batting - Pitching for Gilbert Fire Fighters : RHP Carl Curry
Batting: RHB Bill Bourland 0-0: Swinging Strike
0-1: Ball
1-1: Ball
2-1: Swinging Strike
2-2: Foul Ball, location: 2F
2-2: Strikes out looking
Batting: SHB Pete Jones 0-0: Ball
1-0: Ball
2-0: Called Strike
2-1: Ball
3-1: Called Strike
3-2: Fly out, F4 (Line Drive, 4)
Batting: RHB Álex Martínez 0-0: SINGLE (Groundball, 34D)
Batting: RHB Gustavo Medine 0-0: Called Strike
Álex Martínez steals 2nd base
0-1: Foul Ball, location: 2F
0-2: Ball
1-2: Ball
2-2: Strikes out looking
Top of the 3rd over - 0 run(s), 1 hit(s), 0 error(s), 1 left on base; Ontario 1 - Gilbert 4
BOTTOM OF THE 3RD
Gilbert Fire Fighters batting - Pitching for Ontario Emus : LHP Tom Martin
Batting: SHB Javier Bustamante 0-0: Ball
1-0: Ball
2-0: Ground out 6-3 (Groundball, 56)
Batting: RHB Jorge Álvarez 0-0: Called Strike
0-1: Fly out, F7 (Flyball, 7LSF)
Batting: RHB James Jones 0-0: Foul Ball, location: 2F
0-1: Ball
1-1: Ground out 6-3 (Groundball, 6MS)
Bottom of the 3rd over - 0 run(s), 0 hit(s), 0 error(s), 0 left on base; Ontario 1 - Gilbert 4
TOP OF THE 4TH
Ontario Emus batting - Pitching for Gilbert Fire Fighters : RHP Carl Curry
Batting: LHB Pablo Alvarado 0-0: Called Strike
0-1: DOUBLE (Line Drive, 9LM)
Batting: LHB Elvin Summers 0-0: Ground out 4-3 (Groundball, 4)
Pablo Alvarado to third
Batting: RHB Ánibal Soto 0-0: Ball
1-0: Ball
2-0: Called Strike
2-1: Ground out 5-3 (Groundball, 56)
Pablo Alvarado scores
Batting: RHB Jack Crossey 0-0: Called Strike
0-1: Foul Ball, location: 2F
0-2: Ball
1-2: Foul Ball, location: 2F
1-2: Ball
2-2: Ground out 4-3 (Groundball, 4)
Top of the 4th over - 1 run(s), 1 hit(s), 0 error(s), 0 left on base; Ontario 2 - Gilbert 4
BOTTOM OF THE 4TH
Gilbert Fire Fighters batting - Pitching for Ontario Emus : LHP Tom Martin
Pitching: RHP Shawn Moore
Batting: RHB Carl Curry 0-0: Called Strike
0-1: Called Strike
0-2: Strikes out swinging
Batting: RHB Cristián Cauozos 0-0: Called Strike
0-1: Fly out, F7 (Line Drive, 7)
Batting: RHB James Richardson 0-0: Called Strike
0-1: Swinging Strike
0-2: Ball
1-2: Foul Ball, location: 2F
1-2: Strikes out swinging
Bottom of the 4th over - 0 run(s), 0 hit(s), 0 error(s), 0 left on base; Ontario 2 - Gilbert 4
TOP OF THE 5TH
Ontario Emus batting - Pitching for Gilbert Fire Fighters : RHP Carl Curry
Batting: LHB Ryan Martin 0-0: Called Strike
0-1: Foul Ball, location: 2F
0-2: Ball
1-2: Foul Ball, location: 2F
1-2: SOLO HOME RUN (Flyball, 9LD), Distance : 359 ft
Batting: RHB Bill Bourland 0-0: Foul Ball, location: 2F
0-1: Foul Ball, location: 2F
0-2: Fly out, F4 (Popup, 4)
Batting: SHB Pete Jones 0-0: Ball
1-0: Ground out 4-3 (Groundball, 4S)
Batting: RHB Álex Martínez 0-0: Fly out, F8 (Flyball, 89M)
Top of the 5th over - 1 run(s), 1 hit(s), 0 error(s), 0 left on base; Ontario 3 - Gilbert 4
BOTTOM OF THE 5TH
Gilbert Fire Fighters batting - Pitching for Ontario Emus : RHP Shawn Moore
Batting: SHB George Wells 0-0: Ball
1-0: Ball
2-0: Fly out, F4 (Popup, 4)
Batting: RHB George Medine 0-0: Ground out 4-3 (Groundball, 4)
Batting: LHB Bill Handy 0-0: Called Strike
0-1: Ball
1-1: Swinging Strike
1-2: Strikes out swinging
Bottom of the 5th over - 0 run(s), 0 hit(s), 0 error(s), 0 left on base; Ontario 3 - Gilbert 4
TOP OF THE 6TH
Ontario Emus batting - Pitching for Gilbert Fire Fighters : RHP Carl Curry
Batting: RHB Gustavo Medine 0-0: Called Strike
0-1: Called Strike
0-2: Ball
1-2: Ball
2-2: Foul Ball, location: 2F
2-2: Ball
3-2: Strikes out looking
Batting: LHB Pablo Alvarado 0-0: Foul Ball, location: 2F
0-1: Ball
1-1: Fly out, F8 (Flyball, 8RM)
Batting: LHB Elvin Summers 0-0: Called Strike
0-1: Fly out, F8 (Flyball, 8RM)
Top of the 6th over - 0 run(s), 0 hit(s), 0 error(s), 0 left on base; Ontario 3 - Gilbert 4
BOTTOM OF THE 6TH
Gilbert Fire Fighters batting - Pitching for Ontario Emus : RHP Shawn Moore
Batting: SHB Javier Bustamante 0-0: Fly out, F8 (Line Drive, 8RM)
Batting: RHB Jorge Álvarez 0-0: SINGLE (Line Drive, 56)
Batting: RHB James Jones 0-0: Called Strike
0-1: Swinging Strike
0-2: Strikes out swinging
Batting: RHB Carl Curry 0-0: Foul Ball, location: 2F
0-1: Swinging Strike
0-2: Strikes out swinging
Bottom of the 6th over - 0 run(s), 1 hit(s), 0 error(s), 1 left on base; Ontario 3 - Gilbert 4
TOP OF THE 7TH
Ontario Emus batting - Pitching for Gilbert Fire Fighters : RHP Carl Curry
Pitching: RHP Ángel Rodríguez
Batting: RHB Ánibal Soto 0-0: Ball
1-0: Ball
2-0: Ball
3-0: Called Strike
3-1: Base on Balls
Pinch Hitting: LHB Cipriano Martínez 0-0: Ball
1-0: Foul Ball, location: 2F
1-1: Foul Ball, location: 2F
1-2: Ball
2-2: Ball
3-2: Fly out, F7 (Flyball, 7S)
Pinch Hitting: RHB Germán Vargas 0-0: Ball
1-0: Ball
2-0: Ball
3-0: Called Strike
3-1: Foul Ball, location: 2F
3-2: Foul Ball, location: 2F
3-2: DOUBLE (Line Drive, 78D)
Ánibal Soto to third
Batting: RHB Bill Bourland 0-0: Reached on error, E9 (Line Drive, 9)
Ánibal Soto scores
Germán Vargas to third
Batting: SHB Pete Jones 0-0: Called Strike
Bill Bourland is caught stealing 2nd base
0-1: Ball
Wild Pitch!
Germán Vargas scores
1-1: Swinging Strike
1-2: Ball
2-2: SINGLE (Line Drive, 9)
Pinch Hitting: SHB Darrel Lang 0-0: Ball
1-0: Ball
2-0: Ball
3-0: Called Strike
3-1: Base on Balls
Pete Jones to second
Batting: RHB Gustavo Medine 0-0: Foul Ball, location: 2F
0-1: Fly out, F8 (Line Drive, 89XD)
Top of the 7th over - 2 run(s), 2 hit(s), 1 error(s), 2 left on base; Ontario 5 - Gilbert 4
BOTTOM OF THE 7TH
Gilbert Fire Fighters batting - Pitching for Ontario Emus : RHP Shawn Moore
Now at 3B: Bobby Burks
Now in LF: Germán Vargas
Now in RF: Albert Galindo
Batting: RHB Cristián Cauozos 0-0: Fly out, F8 (Flyball, 78M)
Batting: RHB James Richardson 0-0: Ball
1-0: Called Strike
1-1: DOUBLE (Line Drive, 7)
Batting: SHB George Wells 0-0: DOUBLE (Flyball, 89M)
James Richardson scores
Batting: RHB George Medine 0-0: Called Strike
0-1: Ball
1-1: Foul Ball, location: 2F
1-2: Foul Ball, location: 2F
1-2: Fly out, F9 (Flyball, 9LSF)
Pitching: LHP Albert Martin
Batting: LHB Bill Handy 0-0: Called Strike
0-1: Ball
1-1: Foul Ball, location: 2F
1-2: Ball
2-2: Ball
3-2: Base on Balls
Pitching: RHP Greg Yager
Batting: SHB Javier Bustamante 0-0: Foul Ball, location: 2F
0-1: Ball
1-1: Ball
2-1: Ball
3-1: Swinging Strike
3-2: Ground out 6-3 (Groundball, 6M)
Bottom of the 7th over - 1 run(s), 2 hit(s), 0 error(s), 2 left on base; Ontario 5 - Gilbert 5
TOP OF THE 8TH
Ontario Emus batting - Pitching for Gilbert Fire Fighters : RHP Ángel Rodríguez
Batting: LHB Pablo Alvarado 0-0: Ball
1-0: Ball
2-0: Foul Ball, location: 2F
2-1: Ground out 6-3 (Groundball, 6S)
Batting: LHB Elvin Summers 0-0: Ball
1-0: Ball
2-0: Ball
3-0: Called Strike
3-1: Base on Balls
Batting: RHB Ánibal Soto 0-0: Ball
1-0: Ball
2-0: Fly out, F9 (Flyball, 89M)
Pinch Hitting: RHB Júlio Colón 0-0: Called Strike
0-1: SINGLE (Groundball, 56D)
Elvin Summers to second
Elvin Summers to third
Batting: RHB Germán Vargas 0-0: Called Strike
0-1: Foul Ball, location: 2F
0-2: Strikes out swinging
Top of the 8th over - 0 run(s), 1 hit(s), 0 error(s), 2 left on base; Ontario 5 - Gilbert 5
BOTTOM OF THE 8TH
Gilbert Fire Fighters batting - Pitching for Ontario Emus : RHP Greg Yager
Now in RF: Horace Kramer
Batting: RHB Jorge Álvarez 0-0: Ball
1-0: Ground out 4-3 (Groundball, 4)
Batting: RHB James Jones 0-0: Ball
1-0: Ball
2-0: Ground out 6-3 (Groundball, 6)
Batting: RHB Carl Curry 0-0: Ground out 6-3 (Groundball, 6)
Bottom of the 8th over - 0 run(s), 0 hit(s), 0 error(s), 0 left on base; Ontario 5 - Gilbert 5
TOP OF THE 9TH
Ontario Emus batting - Pitching for Gilbert Fire Fighters : RHP Ángel Rodríguez
Batting: RHB Bill Bourland 0-0: Called Strike
0-1: Ball
1-1: Ground out 4-3 (Groundball, 4)
Pinch Hitting: RHB Bob Corrigan 0-0: Called Strike
0-1: SINGLE (Groundball, 23) (infield hit)
Pinch Hitting: RHB Álex Ochoa 0-0: Ball
Bob Corrigan is caught stealing 2nd base
1-0: Foul Ball, location: 2F
1-1: Ball
2-1: Called Strike
2-2: Ball
3-2: Base on Balls
Batting: RHB Gustavo Medine 0-0: Ball
1-0: Called Strike
1-1: Ball
2-1: Foul Ball, location: 2F
2-2: Strikes out swinging
Top of the 9th over - 0 run(s), 1 hit(s), 0 error(s), 1 left on base; Ontario 5 - Gilbert 5
BOTTOM OF THE 9TH
Gilbert Fire Fighters batting - Pitching for Ontario Emus : RHP Greg Yager
Now at C: John Robertson
Now at 2B: Bob Corrigan
Batting: RHB Cristián Cauozos 0-0: Ball
1-0: Called Strike
1-1: Foul Ball, location: 2F
1-2: Ground out 4-3 (Groundball, 4M)
Batting: RHB James Richardson 0-0: Ball
1-0: Foul Ball, location: 2F
1-1: Ball
2-1: Reached on error, E6 (Groundball, 6MS)
Batting: SHB George Wells 0-0: Ball
1-0: Ground out 4-3 (Groundball, 4D)
James Richardson to third
Batting: RHB George Medine 0-0: Ball
1-0: Ball
2-0: Ball
3-0: Called Strike
3-1: Ground out 1-3 (Groundball, 15S)
Bottom of the 9th over - 0 run(s), 0 hit(s), 1 error(s), 1 left on base; Ontario 5 - Gilbert 5
TOP OF THE 10TH
Ontario Emus batting - Pitching for Gilbert Fire Fighters : RHP Ángel Rodríguez
Batting: LHB Pablo Alvarado 0-0: Ball
1-0: Called Strike
1-1: Ball
2-1: Ball
3-1: Foul Ball, location: 2F
3-2: Fly out, F9 (Flyball, 9)
Batting: LHB Elvin Summers 0-0: Ball
1-0: Ball
2-0: Ball
3-0: Base on Balls
Batting: RHB Ánibal Soto 0-0: Grounds into double play, 1-6-3 (Groundball, 13S)
Top of the 10th over - 0 run(s), 0 hit(s), 0 error(s), 0 left on base; Ontario 5 - Gilbert 5
BOTTOM OF THE 10TH
Gilbert Fire Fighters batting - Pitching for Ontario Emus : RHP Greg Yager
Batting: LHB Bill Handy 0-0: Ball
1-0: Ball
2-0: Fly out, F7 (Flyball, 7S)
Batting: SHB Javier Bustamante 0-0: Ball
1-0: Ball
2-0: Called Strike
2-1: SINGLE (Groundball, 34D)
Batting: RHB Jorge Álvarez 0-0: Called Strike
0-1: Foul Ball, location: 2F
0-2: Ball
1-2: Ball
2-2: Ball
3-2: Foul Ball, location: 2F
3-2: Foul Ball, location: 2F
3-2: Strikes out swinging
Batting: RHB James Jones 0-0: Fielders Choice at 2nd, 5-4 (Groundball, 5)
Bottom of the 10th over - 0 run(s), 1 hit(s), 0 error(s), 0 left on base; Ontario 5 - Gilbert 5
TOP OF THE 11TH
Ontario Emus batting - Pitching for Gilbert Fire Fighters : RHP Ángel Rodríguez
Batting: LHB Horace Kramer 0-0: DOUBLE (Line Drive, 7D)
Batting: RHB Germán Vargas 0-0: Ball
1-0: Swinging Strike
1-1: Foul Ball, location: 2F
1-2: SINGLE (Groundball, 4MD)
Horace Kramer to third
Batting: RHB Bill Bourland 0-0: Ball
1-0: Ball
2-0: Ball
3-0: Called Strike
3-1: Base on Balls
Germán Vargas to second
Batting: RHB Bob Corrigan 0-0: Swinging Strike
0-1: Called Strike
0-2: Foul Ball, location: 2F
0-2: Ball
1-2: Foul Ball, location: 2F
1-2: Foul Ball, location: 2F
1-2: Ball
2-2: Ball
3-2: Fly out, F4 (Popup, 3D)
Batting: RHB John Robertson 0-0: Ball
1-0: Grounds into fielders choice 5-2 (Groundball, 56)
Germán Vargas to third
Bill Bourland to second
Batting: RHB Gustavo Medine 0-0: DOUBLE (Line Drive, 9LM)
Germán Vargas scores
Bill Bourland scores
John Robertson to third
Runner from 3rd tries for Home, SAFE, no throw
Batting: LHB Pablo Alvarado 0-0: Ball
1-0: Called Strike
1-1: Ball
2-1: SINGLE (Groundball, 6MD)
Gustavo Medine to third
Runner from 3rd tries for Home, SAFE, throw made home
Pablo Alvarado to second
Batting: LHB Elvin Summers 0-0: Fly out, F9 (Flyball, 9LS)
Top of the 11th over - 4 run(s), 4 hit(s), 0 error(s), 1 left on base; Ontario 9 - Gilbert 5
BOTTOM OF THE 11TH
Gilbert Fire Fighters batting - Pitching for Ontario Emus : RHP Greg Yager
Batting: RHB Carl Curry 0-0: Ball
1-0: Ground out 5-3 (Groundball, 56)
Batting: RHB Cristián Cauozos 0-0: Called Strike
0-1: Foul Ball, location: 2F
0-2: Foul Ball, location: 2F
0-2: Ball
1-2: SOLO HOME RUN (Flyball, 78XD), Distance : 425 ft
Batting: RHB James Richardson 0-0: Ball
1-0: Ball
2-0: Called Strike
2-1: Foul Ball, location: 2F
2-2: Ball
3-2: SINGLE (Groundball, 6MD)
Batting: SHB George Wells 0-0: Fly out, F8 (Flyball, 8RD)
Batting: RHB George Medine 0-0: Foul Ball, location: 2F
0-1: Fly out, F4 (Line Drive, 4M)
Bottom of the 11th over - 1 run(s), 2 hit(s), 0 error(s), 1 left on base; Ontario 9 - Gilbert 6
Thursday, March 30th, 2017 - OOTP Baseball 17.12 Build 75